 Dungeon Crawl Stone Soup version 0.27-a0-676-gc1da3516c2 (webtiles) character file.

Game seed: 6178613439675813074

6 Riddle the Covert (level 1, 0/23 HPs)
             Began as a Gnoll Delver on Mar 18, 2021.
             Killed from afar by an orc wizard (7 damage)
             ... with a puff of flame
             ... on level 5 of the Dungeon.
             The game lasted 00:01:05 (147 turns).

Riddle the Covert (Gnoll Delver)                     Turns: 147, Time: 00:01:05

Health: 0/23       AC:  3    Str: 11    XL:     1   Next: 90%
Magic:  1/1        EV: 13    Int:  9    God:
Gold:   6          SH:  0    Dex: 13    Spells: 0/0 levels left

rFire    . . .     SeeInvis .   i - +1 falchion (elec)
rCold    . . .     Faith    .   (no shield)
rNeg     . . .     Spirit   .   b - +0 leather armour
rPois    .         Reflect  .   (no helmet)
rElec    .         Harm     .   (no cloak)
rCorr    .         Rampage  .   (no gloves)
Will     .....                  (no boots)
Stlth    ++++......             (no amulet)
HPRegen  0.07/turn              (no ring)
MPRegen  0.07/turn              (no ring)

@: no status effects
A: fangs 1, strong nose, distributed training
a: no special abilities


You were on level 5 of the Dungeon.
You visited 1 branch of the dungeon, and saw 1 of its levels.

You collected 6 gold pieces.

Inventory:

Hand Weapons
 a - a +0 spear
 i - a +1 falchion of electrocution (weapon)
Armour
 b - a +0 leather armour (worn)
Wands
 g - a wand of digging (3)
Scrolls
 c - a scroll of fog
 d - a scroll of magic mapping
 e - a scroll of fear
 h - a scroll of teleportation {unknown}
Potions
 f - a potion of haste


   Skills:
 + Level 6.4 Fighting
 + Level 0.2 Short Blades
 + Level 0.2 Long Blades
 + Level 0.2 Axes
 + Level 0.2 Maces & Flails
 + Level 4.4 Polearms
 + Level 0.2 Staves
 + Level 0.2 Slings
 + Level 0.2 Bows
 + Level 0.2 Crossbows
 + Level 0.2 Throwing
 + Level 0.2 Armour
 + Level 4.4 Dodging
 + Level 9.5 Stealth
 + Level 0.2 Shields
 + Level 0.2 Unarmed Combat
 + Level 0.2 Spellcasting
 + Level 0.1 Conjurations
 + Level 0.1 Hexes
 + Level 0.1 Summonings
 + Level 0.1 Necromancy
 + Level 0.1 Translocations
 + Level 0.1 Transmutations
 + Level 0.1 Fire Magic
 + Level 0.1 Ice Magic
 + Level 0.1 Air Magic
 + Level 0.1 Earth Magic
 + Level 0.1 Poison Magic
 + Level 0.3 Invocations
 + Level 0.2 Evocations


You couldn't memorise any spells.
You didn't know any spells.
Your spell library was empty.

Dungeon Overview and Level Annotations

Branches:
Dungeon (5/15)
 Temple: D:4-7

Altars:


Innate Abilities, Weirdness & Mutations

You have very sharp teeth.
Your uncanny sense of smell can sniff out nearby items.
Your experience applies equally to all skills.


Message History

An orc is nearby!
The orc shouts!
You hear a shout! x2
Unknown command.
You hit the orc. Lightning courses through the orc!
You kill the orc!
You start resting.
An orc comes into view. It is wielding a +0 dagger.
Unknown command.
You slash the orc! Lightning courses through the orc!!
You kill the orc!
You start resting.
An orc wizard is nearby!
Things that are here:
a +0 dagger; a +0 flail; an orc corpse The orc wizard shouts!
You hit the orc wizard. Your bite misses the orc wizard.
The orc wizard is moderately wounded.
The orc wizard hits you with a +0 dagger.
You are too injured to fight recklessly!
You are too injured to fight recklessly!
You are too injured to fight recklessly!
You barely miss the orc wizard.
The orc wizard is moderately wounded.
The orc wizard misses you. x2; You riposte.
You hit the orc wizard.
The orc wizard is heavily wounded.
You hit the orc wizard but do no damage.
The orc wizard is heavily wounded.
A bullfrog zombie comes into view.
The orc wizard barely misses you.
You completely miss the orc wizard.
The orc wizard is heavily wounded.
The orc wizard hits you with a +0 dagger.
You hit the orc wizard.
The orc wizard is severely wounded.
The orc wizard hits you but does no damage.
You barely miss the orc wizard.
The orc wizard is severely wounded.
The orc wizard gestures at you while chanting.
The puff of flame hits you!
You die...

#.. #.########.#
#......>##.#######
#.#####.##..(.....
#.......######
#.#.##.## #.#.##Z#
. ..##o#####
#....##.@..$#
#....######.#
#.##.# #.# #. #.
#.# #o# .$. ...#.
o####.# #o #


You could see an orc wizard and a bullfrog zombie.

Vanquished Creatures
  3 orcs (D:5)
3 creatures vanquished.

Notes
Turn   | Place    | Note
-------+----------+-------------------------------------------
     0 | D:5      | Reached skill level 9 in Stealth
     0 | D:5      | Riddle the Gnoll Delver began the quest for the Orb.
     0 | D:5      | Reached XP level 1. HP: 23/23 MP: 1/1
    18 | D:5      | Noticed an orc wizard
    18 | D:5      | Noticed an orc wizard
   112 | D:5      | Noticed an orc wizard
   147 | D:5      | Killed from afar by an orc wizard

Illustrated notes

Levels and vault maps discovered:
D:5:      lemuel_insect_pit, layout_loops_ring, nicolae_vehumet_radiance,
          serial_shops, shop, shop_statue, nicolae_shop_trees,
          nicolae_shop_behind_doors, shop, uniq_menkaure

Skill      XL: | |
---------------+-+-----
Stealth        | |  9.5
Fighting       | |  6.4
Short Blades   | |  0.2
Long Blades    | |  0.2
Axes           | |  0.2
Maces & Flails | |  0.2
Polearms       | |  4.4
Staves         | |  0.2
Slings         | |  0.2
Bows           | |  0.2
Crossbows      | |  0.2
Throwing       | |  0.2
Armour         | |  0.2
Dodging        | |  4.4
Shields        | |  0.2
Unarmed Combat | |  0.2
Spellcasting   | |  0.2
Conjurations   | |  0.1
Hexes          | |  0.1
Summonings     | |  0.1
Necromancy     | |  0.1
Translocations | |  0.1
Transmutations | |  0.1
Fire Magic     | |  0.1
Ice Magic      | |  0.1
Air Magic      | |  0.1
Earth Magic    | |  0.1
Poison Magic   | |  0.1
Invocations    | |  0.3
Evocations     | |  0.2

Action                   || total
-------------------------++-------
Melee: Falchion          ||     8
       Spear             ||     7
       Bite              ||     1
Armor: Leather armour    ||     1
Dodge: Dodged            ||     5
       Rpst.: Falchion   ||     1

Table legend: (Time is in decaauts)
 A = Elapsed time spent in this place.
 B = Non-inter-level travel time spent in this place.
 C = Inter-level travel time spent in this place.
 D = Time resting spent in this place.
 E = Time spent auto-exploring this place.
 F = Levels seen in this place.
 G = Mean time per level.
                   A        B        C        D        E       F      G
               +--------+--------+--------+--------+--------+-----+--------+
         Total |    147 |    147 |      0 |     91 |      0 |   1 |  147.0 |
       Dungeon |    147 |    147 |      0 |     91 |      0 |   1 |  147.0 |
               +--------+--------+--------+--------+--------+-----+--------+

Top non-repeatable levels by time:
     D:5: 147 daAuts
